 Dungeon Crawl Stone Soup version 0.27-a0-223-ge082b6e869 (webtiles) character file.

Game seed: 12447366223750561449

133 KristoblXynda the Distorting Demonspawn (level 4, -3/35 HPs)
             Began as a Demonspawn Abyssal Knight on Feb 1, 2021.
             Was a Believer of Lugonu.
             Slain by a gnoll
             ... wielding a +0 flail of protection
              (10 damage)
             ... on level 1 of the Dungeon.
             The game lasted 00:03:39 (2792 turns).

KristoblXynda the Distorting Demonspawn (DsAK)      Turns: 2792, Time: 00:03:40

Health: -3/35      AC:  6    Str: 14    XL:     4   Next: 93%
Magic:  6/6        EV: 11    Int: 15    God:    Lugonu [**....]
Gold:   179        SH:  4    Dex: 12    Spells: 3/3 levels left

rFire    . . .     SeeInvis .   a - +1 falchion
rCold    . . .     Faith    .   (no shield)
rNeg     . . .     Spirit   .   c - +0 ring mail (curse)
rPois    .         Reflect  .   i - +0 helmet
rElec    .         Harm     .   (no cloak)
rCorr    .         Rampage  .   (no gloves)
Will     .....                  (no boots)
Stlth    +.........             (no amulet)
HPRegen  0.11/turn              (no ring)
MPRegen  0.10/turn              (no ring)

@: no status effects
A: big brain 1, condensation shield
a: Renounce Religion, Depart the Abyss, Bend Space


You were on level 1 of the Dungeon.
You worshipped Lugonu.
Lugonu was pleased with you.
You visited 1 branch of the dungeon, and saw 2 of its levels.
You visited the Abyss 1 time.

You collected 179 gold pieces.

Inventory:

Hand Weapons
 a - a +1 falchion (weapon)
Armour
 c - a cursed +0 ring mail (worn)
 i - a +0 helmet (worn)
Jewellery
 f - an uncursed ring of fire
Scrolls
 g - 3 scrolls of identify {unknown}
 h - a scroll of remove curse {unknown}
 m - 2 scrolls of blinking {unknown}
Potions
 b - a potion of berserk rage {unknown}
 d - a potion of lignification {unknown}
 e - 4 potions of curing {unknown}
 j - a potion of heal wounds {unknown}
 k - a potion of haste {unknown}
 l - a potion of flight {unknown}


   Skills:
 - Level 3.0 Fighting
 * Level 3.2 Long Blades
 + Level 2.5 Armour
 + Level 2.0 Dodging
 + Level 3.6 Invocations


You had 3 spell levels left.
You didn't know any spells.
Your spell library was empty.

Dungeon Overview and Level Annotations

Branches:
Dungeon (2/15)

Altars:


Innate Abilities, Weirdness & Mutations

You have an unusually large brain. (Int +2)
A meltable shield of frost defends you. (SH +4)


Message History

The gnoll hits you with a +0 flail of protection.
* * * LOW HITPOINT WARNING * * *
You hit the gnoll but do no damage.
The gnoll is moderately wounded.
The gnoll completely misses you.
Unknown command.
You hit the gnoll.
The gnoll is moderately wounded.
The gnoll hits you but does no damage.
You hit the gnoll but do no damage.
The gnoll is moderately wounded.
You block the gnoll's attack.
You hit the gnoll but do no damage.
The gnoll is moderately wounded.
The gnoll hits you with a +0 flail of protection.
* * * LOW HITPOINT WARNING * * *
You hit the gnoll but do no damage.
The gnoll is moderately wounded.
The gnoll hits you with a +0 flail of protection!
You die...

.........................### #.
.......#########.........# #.
....#### #.........# #. ....#
#.........# #. ....# #.........#
#. ....# #.........# #. ....#
#.........# #. #'###
#######g........# ###.
#.########.....#@........#####...
.........'.....'.>(..........#.#.
....######.....#.........###.#.#.
....# #.....#.........# #.#.#.
....# #.....#.........# #.#.#.
....# #.....#########.###.#.#.
##'## ###'### #.......#.
#..###### #.# ########.###.
##.)....# #.# #............


You could see a gnoll.

Vanquished Creatures
  Robin (D:1)
  2 adders
  2 gnolls
  2 worms (D:2)
  A dart slug (D:1)
  A leopard gecko (D:2)
  A ball python (D:1)
  12 goblins
  13 hobgoblins
  11 jackals
  4 kobolds
  A quokka (D:2)
  8 bats
  4 frilled lizards
  5 rats
68 creatures vanquished.

Notes
Turn   | Place    | Note
-------+----------+-------------------------------------------
     0 | Abyss:1  | KristoblXynda the Demonspawn Abyssal Knight began the quest
                  | for the Orb.
     0 | Abyss:1  | Reached XP level 1. HP: 18/18 MP: 2/2
    27 | D:1      | Escaped the Abyss
    78 | D:1      | Reached skill level 1 in Dodging
   197 | D:1      | Gained mutation: You have an unusually large brain. (Int
                  | +2) [demonic ancestry]
   197 | D:1      | Reached XP level 2. HP: 6/24 MP: 4/4
   628 | D:1      | Gained mutation: A meltable shield of frost defends you.
                  | (SH +4) [demonic ancestry]
   628 | D:1      | Reached XP level 3. HP: 22/29 MP: 5/5
  1283 | D:2      | Noticed Robin
  1299 | D:1      | Killed Robin
  1306 | D:1      | Reached ** piety under Lugonu
  1489 | D:1      | Reached XP level 4. HP: 34/35 MP: 6/6
  2792 | D:1      | Slain by a gnoll

Illustrated notes

Levels and vault maps discovered:
D:1:      dpeg_arrival_tiny_k, layout_basic
D:2:      layout_rooms, amethyst_overflow_temple_binary, grunt_decor_junction,
          uniq_robin

Skill      XL: |  1  2  3  4 |
---------------+-------------+-----
Dodging        | 1 2 |  2.0
Long Blades    | 2 3 |  3.2
Armour         | 2 |  2.5
Invocations    | 3 |  3.6
Fighting       | |  3.0

Action                   |  1- 3 |  4- 6 || total
-------------------------+-------+-------++-------
Melee: Falchion          |   101 |   124 ||   225
Armor: Ring mail         |    56 |    81 ||   137
       Leather armour    |     4 |       ||     4
Dodge: Dodged            |    97 |   121 ||   218
Block: Other             |     9 |    31 ||    40
       Rpst.: Falchion   |    36 |    40 ||    76

Table legend: (Time is in decaauts)
 A = Elapsed time spent in this place.
 B = Non-inter-level travel time spent in this place.
 C = Inter-level travel time spent in this place.
 D = Time resting spent in this place.
 E = Time spent auto-exploring this place.
 F = Levels seen in this place.
 G = Mean time per level.
                   A        B        C        D        E       F      G
               +--------+--------+--------+--------+--------+-----+--------+
         Total |   2831 |   2729 |    102 |   1135 |    949 |   3 |  943.7 |
       Dungeon |   2804 |   2702 |    102 |   1135 |    949 |   2 | 1402.0 |
         Abyss |     27 |     27 |      0 |      0 |      0 |   1 |   27.0 |
               +--------+--------+--------+--------+--------+-----+--------+

Top non-repeatable levels by time:
     D:1: 2042 daAuts
     D:2: 762 daAuts
 Abyss:1: 27 daAuts
